[Event "Team 45 45 League T56"]
[Site "Internet Chess Club"]
[Date "2013.03.09"]
[Round "3"]
[White "room-matt"]
[Black "RdgMx"]
[Result "1/2-1/2"]
[WhiteElo "1788"]
[BlackElo "1850"]
[Opening "Scandinavian (center counter) defense"]
[ECO "B01"]
[Time "15:18:40"]
[TimeControl "2700+45"]

1. e4 d5 2. exd5 Qxd5 3. Nc3 Qa5 4. d4 c6 5. Nf3 Nf6 6. Bd2 Qc7 7. Bc4 Bg4 8. h3
Bxf3 9. Qxf3 e6 10. O-O-O Bd6 11. Rhe1 O-O 12. g4 Nbd7 13. g5 Nd5 14. h4 Bf4 15.
Ne4 Bxd2+ 16. Rxd2 Qf4 17. Qxf4 Nxf4 18. Nd6 b5 19. Bb3 Nb6 20. c3 Rad8 21. Nb7
Rd7 22. Nc5 Rdd8 {Game drawn by mutual agreement} 1/2-1/2

[Event "Team 45 45 League T56"]
[Site "Internet Chess Club"]
[Date "2013.03.09"]
[Round "3"]
[White "frank001"]
[Black "chrisgianno"]
[Result "1-0"]
[WhiteElo "1825"]
[BlackElo "1687"]
[Opening "Sicilian: Hungarian variation"]
[ECO "B27"]
[Time "04:27:18"]
[TimeControl "2700+45"]

1. e4 c5 2. Nf3 g6 3. Bc4 Bg7 4. c3 a6 5. a4 f5 6. exf5 d5 7. Bd3 gxf5 8. Qe2
Nc6 9. Ng5 Qd6 10. O-O e5 11. Bc2 Nf6 12. b3 h6 13. Nh3 O-O 14. Ba3 f4 15. f3
Bxh3 16. gxh3 Rae8 17. Kh1 e4 18. d4 exf3 19. Qxf3 Ne4 20. Rg1 Rf6 21. Qg2 Kh7
22. Nd2 Ree6 23. Qxg7# {Black checkmated} 1-0

[Event "Team 45 45 League T56"]
[Site "Internet Chess Club"]
[Date "2013.03.10"]
[Round "3"]
[White "Signalman"]
[Black "sockmonkey"]
[Result "0-1"]
[WhiteElo "1528"]
[BlackElo "1700"]
[Opening "Caro-Kann: Goldman (Spielmann) variation"]
[ECO "B11"]
[Time "14:32:32"]
[TimeControl "2700+45"]

1. e4 c6 2. Nc3 d5 3. Qf3 dxe4 4. Nxe4 Nd7 5. d4 Ndf6 6. Bd3 Qxd4 7. Ne2 Qd7 8.
h3 Nxe4 9. Bxe4 Nf6 10. Bd3 e5 11. Bg5 Qd5 12. Nc3 Qxf3 13. gxf3 Nd5 14. O-O-O
Nxc3 15. bxc3 Be7 16. f4 f6 17. Bh4 exf4 18. Rde1 g5 19. Bxg5 fxg5 20. Re5 Kd7
21. Rd1 Kd6 22. Ree1 Bf6 23. c4 Kc7 24. Bf1 Bf5 25. Re2 Rad8 26. Rde1 Bc3 27.
Re7+ Rd7 28. R1e2 Rxe7 29. Rxe7+ Bd7 30. Bd3 Re8 31. Rxe8 Bxe8 32. Bf5 {White
resigns} 0-1

[Event "Team 45 45 League T56"]
[Site "Internet Chess Club"]
[Date "2013.03.11"]
[Round "3"]
[White "Andressa"]
[Black "werty"]
[Result "1/2-1/2"]
[WhiteElo "1434"]
[BlackElo "1562"]
[Opening "Bird's opening"]
[ECO "A02"]
[Time "13:31:14"]
[TimeControl "2700+45"]

1. f4 e6 2. b3 d5 3. Bb2 Nf6 4. Nf3 g6 5. e3 Bg7 6. Bd3 O-O 7. O-O Re8 8. Nc3
Nc6 9. a3 Ne4 10. Qe2 f5 11. Bb5 Bd7 12. Bxc6 Bxc6 13. d4 a6 14. a4 Qe7 15. Nxe4
dxe4 16. Ne5 Bxe5 17. fxe5 {Game drawn by mutual agreement} 1/2-1/2

[Event "Team 45 45 League T56"]
[Site "Internet Chess Club"]
[Date "2013.03.11"]
[Round "3"]
[White "steadman"]
[Black "David1"]
[Result "0-1"]
[WhiteElo "2114"]
[BlackElo "2250"]
[Opening "Queen's pawn game"]
[ECO "D02"]
[Time "22:00:07"]
[TimeControl "2700+45"]

1. d4 d5 2. Nf3 Bf5 3. g3 e6 4. Bg2 Nf6 5. O-O c6 6. Nbd2 Be7 7. c4 Nbd7 8. Nh4
Bg4 9. h3 Bh5 10. g4 Bg6 11. Nxg6 hxg6 12. Qc2 O-O 13. e4 dxe4 14. Nxe4 Nxe4 15.
Qxe4 Nf6 16. Qe3 Qc7 17. b3 Rfd8 18. Bb2 Bd6 19. Rad1 Bh2+ 20. Kh1 Bf4 21. Qe2
Rd7 22. Rd3 Rad8 23. Rfd1 Qa5 24. Bc3 Qg5 25. Ba1 Bd6 26. Qd2 Qh4 27. Kg1 Kh7
28. b4 Rc8 29. Bc3 b5 30. d5 bxc4 31. Rd4 Nxd5 32. g5 Bf4 33. Rxf4 Nxf4 34. Qxd7
Qxg5 35. Kf1 Qxg2+ 36. Ke1 Qf3 37. Kd2 Nd5 38. Qxc8 Qxc3+ 39. Ke2 Nf4+ 40. Kf1
Qxh3+ 41. Ke1 Qc3+ 42. Kf1 Qf3 {White resigns} 0-1

[Event "Team 45 45 League T56"]
[Site "Internet Chess Club"]
[Date "2013.03.07"]
[Round "3"]
[White "HematiteBrown"]
[Black "RedAttack"]
[Result "1-0"]
[WhiteElo "2112"]
[BlackElo "1832"]
[Opening "French: Tarrasch, Guimard variation"]
[ECO "C04"]
[Time "19:30:50"]
[TimeControl "2700+45"]

1. e4 e6 2. d4 d5 3. Nd2 Nc6 4. Ngf3 Bb4 5. c3 Be7 6. Bd3 Nf6 7. e5 Nd7 8. O-O
O-O 9. Re1 Nb6 10. Nf1 f5 11. exf6 Bxf6 12. Ng3 Qd6 13. Nh5 e5 14. dxe5 Nxe5 15.
Nxf6+ gxf6 16. h3 Be6 17. Nd4 Bf7 18. Nf5 Qd7 19. Nh6+ Kh8 20. Bf5 Qd8 21. Bf4
Ng6 22. Bg3 c6 23. Qh5 Be8 24. Ng4 Nc4 25. Re6 Qd7 26. Rxf6 Qg7 27. Qg5 Rxf6 28.
Nxf6 h6 29. Nxe8 hxg5 30. Nxg7 Kxg7 31. Re1 Rf8 32. Bxg6 Kxg6 33. b3 Nd2 34. f3
Nxf3+ 35. gxf3 Rxf3 36. Be5 Rxh3 37. Bd4 a6 38. b4 Rh7 39. Kg2 Rf7 40. Kg3 Rd7
41. Kg4 Rf7 42. Re6+ Kh7 43. Kxg5 Kg8 44. Re8+ Rf8 45. Rxf8+ Kxf8 46. Kf6 Ke8
47. Ke6 Kd8 48. Kd6 Kc8 49. Bb6 {Black resigns} 1-0

[Event "Team 45 45 League T56"]
[Site "Internet Chess Club"]
[Date "2013.03.12"]
[Round "3"]
[White "frank001"]
[Black "pmcglothin"]
[Result "0-1"]
[WhiteElo "1809"]
[BlackElo "1842"]
[Opening "King's Indian: Makagonov system (5.h3)"]
[ECO "E71"]
[Time "06:02:59"]
[TimeControl "2700+45"]

1. d4 Nf6 2. c4 g6 3. Nc3 Bg7 4. e4 d6 5. h3 O-O 6. Be3 e5 7. d5 Nbd7 8. Nf3 b6
9. Qc2 a5 10. Be2 Nc5 11. Bxc5 bxc5 12. Nd2 Bh6 13. O-O Bxd2 14. Qxd2 Kg7 15. f4
exf4 16. Rxf4 Qe7 17. Raf1 Nd7 18. Bg4 Ne5 19. Qe2 Ba6 20. b3 a4 21. Qb2 Nd3 22.
Qa1 Nxf4 23. Rxf4 Qe5 24. Rf3 axb3 25. axb3 Bxc4 {White resigns} 0-1

[Event "Team 45 45 League T56"]
[Site "Internet Chess Club"]
[Date "2013.03.11"]
[Round "3"]
[White "sra66"]
[Black "FlyingTiger"]
[Result "1-0"]
[WhiteElo "1754"]
[BlackElo "1765"]
[Opening "English: symmetrical variation"]
[ECO "A38"]
[Time "19:36:59"]
[TimeControl "2700+45"]

1. c4 c5 2. g3 g6 3. Bg2 Bg7 4. Nc3 Nc6 5. Nf3 Nf6 6. Rb1 d6 7. a3 O-O 8. b4
cxb4 9. axb4 Bf5 10. d3 Ng4 11. Bd2 Nge5 12. b5 Nxf3+ 13. Bxf3 Na5 14. O-O Bh3
15. Re1 Rb8 16. Nd5 b6 17. Qc2 Qd7 18. Bc3 Bxc3 19. Qxc3 Rfc8 20. Rec1 Re8 21.
Qd4 Nb7 22. Qh4 Na5 23. g4 Kg7 24. Qxh3 h5 25. Nf4 hxg4 26. Bxg4 e6 27. Qg3 Qe7
28. h4 Rh8 29. h5 Rh6 30. hxg6 Rbh8 31. Kg2 Rh2+ 32. Kf3 e5 33. Nd5 e4+ 34. dxe4
Qg5 35. Nf4 Nb7 36. gxf7 Nc5 37. Rg1 Nxe4 38. Ne6+ Kxf7 39. Nxg5+ Nxg5+ 40. Ke3
Re8+ 41. Kf4 Ne6+ 42. Bxe6+ {Black resigns} 1-0

[Event "Team 45 45 League T56"]
[Site "Internet Chess Club"]
[Date "2013.03.10"]
[Round "3"]
[White "Ptzz"]
[Black "chess9793"]
[Result "1/2-1/2"]
[WhiteElo "2122"]
[BlackElo "2104"]
[Opening "English, 1...Nf6 (Anglo-Indian defense)"]
[ECO "A15"]
[Time "16:03:08"]
[TimeControl "2700+45"]

1. c4 Nf6 2. g3 g6 3. Bg2 Bg7 4. Nc3 c5 5. a3 O-O 6. b4 cxb4 7. axb4 Qb6 8. Qa4
d6 9. Qa5 Qd4 10. Qa2 Ng4 11. e3 Qf6 12. Nf3 Nc6 13. d4 Nxb4 14. Qb1 Nc6 15. h3
Nh6 16. g4 Qe6 17. Nd5 Nxd4 18. Nxd4 Bxd4 19. Bb2 Bxb2 20. Qxb2 Qe5 21. Qxe5
dxe5 22. Nxe7+ Kg7 23. O-O f5 24. g5 Nf7 25. Nxc8 Raxc8 26. Bxb7 Rxc4 27. Bd5
Rc7 28. h4 Rd8 29. e4 fxe4 30. Bxe4 Rd4 31. f3 Nd6 32. Rfd1 Rxd1+ 33. Rxd1 Nxe4
34. fxe4 a5 35. Kf2 Kf7 36. Ke3 Ke6 37. Rb1 Ra7 38. Rb6+ Kd7 39. Kd3 a4 40. Kc2
a3 41. Kb1 Ra4 42. Rb7+ Ke6 43. Rb6+ Kd7 44. Rb7+ Kd6 45. Rxh7 Rxe4 46. Rh6 Kd5
47. Ka2 Rg4 {Game drawn by mutual agreement} 1/2-1/2

[Event "Team 45 45 League T56"]
[Site "Internet Chess Club"]
[Date "2013.03.11"]
[Round "3"]
[White "ben622"]
[Black "Holgate"]
[Result "0-1"]
[WhiteElo "1972"]
[BlackElo "2042"]
[Opening "Sicilian: accelerated fianchetto, modern variation with Bc4"]
[ECO "B35"]
[Time "11:00:09"]
[TimeControl "2700+45"]

1. e4 c5 2. Nf3 Nc6 3. d4 cxd4 4. Nxd4 g6 5. Be3 Nf6 6. Nc3 Bg7 7. Bc4 Qa5 8.
O-O O-O 9. Bb3 d6 10. f3 Bd7 11. Qd2 Rfc8 12. Nxc6 bxc6 13. Rad1 Rab8 14. Ne2
Qxd2 15. Rxd2 c5 16. c4 a5 17. Bd1 a4 18. Nc1 Ne8 19. Nd3 Bc6 20. e5 Nc7 21.
exd6 exd6 22. Bf4 Bd4+ 23. Kh1 Rd8 24. b4 Bc3 25. Re2 Ne6 26. b5 Bxb5 27. cxb5
c4 28. Rc2 cxd3 29. Rxc3 Nxf4 30. g3 Ne6 31. Rxd3 Nc5 32. Rd4 Rxb5 33. Bxa4 Rb2
34. Rfd1 Nxa4 35. Rxa4 Rc8 36. Rh4 Rxa2 37. Kg1 Rcc2 38. Kf1 Kg7 39. Ke1 Re2+
40. Kf1 Rf2+ 41. Kg1 Rfc2 42. Kf1 h5 43. Ke1 Rxh2 44. Rxh2 Rxh2 45. Rxd6 Rg2 46.
Kf1 Rxg3 47. Kf2 Rg5 48. f4 Ra5 49. Kg3 Rf5 50. Rd7 Rf6 51. Rc7 Rb6 52. Kh4 Kf6
53. Ra7 Rb3 54. Ra6+ Kf5 55. Ra5+ Kxf4 56. Rf5+ {White resigns} 0-1

[Event "Team 45 45 League T56"]
[Site "Internet Chess Club"]
[Date "2013.03.08"]
[Round "3"]
[White "PandorasBox"]
[Black "stile"]
[Result "1/2-1/2"]
[WhiteElo "1893"]
[BlackElo "1799"]
[Opening "English: Anglo-Dutch defense"]
[ECO "A10"]
[Time "15:23:46"]
[TimeControl "2700+45"]

1. c4 f5 2. g3 e5 3. Bg2 Nf6 4. Nc3 Nc6 5. d3 Be7 6. Bg5 O-O 7. e3 h6 8. Bxf6
Bxf6 9. Nd5 d6 10. Ne2 Be6 11. Nec3 a6 12. Qb3 Rb8 13. O-O Qd7 14. Nxf6+ Rxf6
15. Nd5 Rff8 16. Qc3 Rbe8 17. b4 Nd8 18. a4 c6 19. Nb6 Qf7 20. a5 f4 21. exf4
exf4 22. d4 f3 23. Bh1 Bg4 24. d5 Re5 25. Rae1 Rfe8 26. Rxe5 Rxe5 27. Re1 Qe7
28. Rxe5 Qxe5 {Game drawn by mutual agreement} 1/2-1/2

[Event "Team 45 45 League T56"]
[Site "Internet Chess Club"]
[Date "2013.03.09"]
[Round "3"]
[White "leland"]
[Black "Holzschlange"]
[Result "1-0"]
[WhiteElo "1922"]
[BlackElo "1820"]
[Opening "Sicilian defense"]
[ECO "B41"]
[Time "18:00:34"]
[TimeControl "2700+45"]

1. e4 c5 2. Nf3 e6 3. d4 cxd4 4. Nxd4 Bc5 5. Nb3 Bb6 6. Nc3 Ne7 7. Bg5 O-O 8.
Qd2 Nbc6 9. O-O-O f5 10. f3 fxe4 11. Nxe4 d5 12. Nec5 Qd6 13. Ne4 Qc7 14. Nc3
Nf5 15. Kb1 Qf7 16. Qe1 Qg6 17. h4 Nd6 18. Bd3 Qf7 19. h5 a5 20. h6 g6 21. a4
Bd7 22. Nb5 Nc4 23. Bxc4 dxc4 24. Nd6 cxb3 25. Nxf7 bxc2+ 26. Kxc2 Nb4+ 27. Kb1
Rxf7 28. Rxd7 {Black resigns} 1-0

[Event "Team 45 45 League T56"]
[Site "Internet Chess Club"]
[Date "2013.03.10"]
[Round "3"]
[White "Bluecat"]
[Black "WOLFSPELZ"]
[Result "1-0"]
[WhiteElo "1975"]
[BlackElo "1538"]
[Opening "Queen's bishop game"]
[ECO "D02"]
[Time "14:21:53"]
[TimeControl "2700+45"]

1. d4 d5 2. Nf3 Nf6 3. Bf4 Nh5 4. Bg3 Nxg3 5. hxg3 Bf5 6. e3 c6 7. Nbd2 Qb6 8.
Rb1 Nd7 9. Nh4 e6 10. g4 Bg6 11. Nxg6 fxg6 12. Bd3 O-O-O 13. Bxg6 h6 14. g5 Bd6
15. Qg4 hxg5 16. Rxh8 Rxh8 17. Qxe6 Rh1+ 18. Ke2 Qa6+ 19. Bd3 Rh6 20. Qe8+ Kc7
21. Bxa6 {Black resigns} 1-0

[Event "Team 45 45 League T56"]
[Site "Internet Chess Club"]
[Date "2013.03.11"]
[Round "3"]
[White "supermessi"]
[Black "clarinetref"]
[Result "0-1"]
[WhiteElo "1589"]
[BlackElo "1646"]
[Opening "Queen's gambit accepted"]
[ECO "D20"]
[Time "23:30:13"]
[TimeControl "2700+45"]

1. d4 d5 2. c4 dxc4 3. e3 a6 4. Bxc4 b5 5. Be2 Bb7 6. Nf3 e6 7. O-O Nf6 8. Nbd2
Nbd7 9. Nb3 c5 10. dxc5 Qc7 11. Bd2 Rc8 12. Ba5 Qc6 13. Nfd4 Qxg2# {White
checkmated} 0-1

[Event "Team 45 45 League T56"]
[Site "Internet Chess Club"]
[Date "2013.03.07"]
[Round "3"]
[White "tryanything"]
[Black "rahulr"]
[Result "1/2-1/2"]
[WhiteElo "1546"]
[BlackElo "1572"]
[Opening "Alekhine's defense: Balogh variation"]
[ECO "B03"]
[Time "18:57:06"]
[TimeControl "2700+45"]

1. e4 Nf6 2. e5 Nd5 3. d4 d6 4. Bc4 e6 5. Nf3 Be7 6. O-O O-O 7. Re1 Nb6 8. Bb3
N8d7 9. Bf4 d5 10. c3 f6 11. Bg3 fxe5 12. Nxe5 Nf6 13. Nd2 Nbd7 14. Ndf3 Ne4 15.
Nxd7 Bxd7 16. Be5 Bf6 17. Bc2 Bxe5 18. dxe5 Ng5 19. Re3 Qe7 20. Qd3 Ne4 21. a4
Be8 22. Qe2 Bg6 23. Bxe4 Bxe4 24. Nd2 Bf5 25. Rg3 c5 26. Qe3 b6 27. f4 Rf7 28.
Nf3 h6 29. Nd2 Raf8 30. h3 Qh4 31. Kh2 Bh7 32. Rg4 Qh5 33. g3 Rf5 34. Rf1 Qe8
35. b3 R5f7 36. Rh4 Qd7 {Game drawn by mutual agreement} 1/2-1/2

[Event "Team 45 45 League T56"]
[Site "Internet Chess Club"]
[Date "2013.03.08"]
[Round "3"]
[White "Portola"]
[Black "FlyingTiger"]
[Result "1-0"]
[WhiteElo "1895"]
[BlackElo "1783"]
[Opening "King's Indian: East Indian defense"]
[ECO "A48"]
[Time "20:00:55"]
[TimeControl "2700+45"]

1. d4 Nf6 2. Nf3 g6 3. h3 Bg7 4. Bf4 O-O 5. e3 d6 6. Bc4 c5 7. c3 Bf5 8. Nbd2
Qb6 9. Qc1 d5 10. Be2 Nc6 11. Nb3 cxd4 12. exd4 Rac8 13. Nc5 Ne4 14. g4 Be6 15.
Nxe6 fxe6 16. Be3 Qc7 17. Ng5 Nxg5 18. Bxg5 e5 19. dxe5 Qxe5 20. Qe3 Rf7 21. O-O
Qd6 22. Rad1 Kh8 23. Bh4 Rcf8 24. Bg3 Be5 25. Bxe5+ Nxe5 26. Qd4 Kg8 27. Qxd5
Qf6 28. f4 e6 29. Qxe5 Qd8 30. Rxd8 {Black resigns} 1-0

[Event "Team 45 45 League T56"]
[Site "Internet Chess Club"]
[Date "2013.03.09"]
[Round "3"]
[White "evan7284"]
[Black "PaulaR"]
[Result "0-1"]
[WhiteElo "1600"]
[BlackElo "1622"]
[Opening "Queen's Pawn"]
[ECO "A41"]
[Time "13:00:37"]
[TimeControl "2700+45"]

1. d4 d6 2. Nf3 Nf6 3. Bg5 d5 4. Bxf6 exf6 5. e3 Bd6 6. Bd3 O-O 7. Nbd2 Nd7 8.
O-O b6 9. c4 Bb7 10. Qb3 c6 11. cxd5 cxd5 12. Rfc1 Rc8 13. Qa4 Bc6 14. Rxc6 Nb8
15. Rxc8 Qxc8 16. Qxa7 Qc6 17. b3 Qc3 18. Bxh7+ Kxh7 19. Rf1 Qc6 20. Qa4 b5 21.
Qa5 Nd7 22. Nb1 b4 23. Qa4 Qxa4 24. bxa4 Ra8 25. Rc1 Rxa4 26. Rc2 Nb6 27. Nbd2
Nc4 28. h3 g6 29. e4 Nxd2 30. Nxd2 dxe4 31. Nxe4 b3 32. Nxf6+ Kg7 33. Ne8+ Kf8
34. Rc8 bxa2 35. Nxd6+ Ke7 36. Rc1 a1=Q 37. Rxa1 Rxa1+ 38. Kh2 Kxd6 39. h4 Ra4
40. g4 Rxd4 41. Kg3 Rd5 42. f3 Ke6 43. f4 f6 44. Kf3 Kd6 45. Kg3 g5 46. h5 Ke7
47. Kf3 Kf7 48. fxg5 Rxg5 49. Kf4 Kg7 50. Kf3 f5 51. gxf5 Rxf5+ 52. Kg4 Rf1 53.
Kg5 Rg1+ 54. Kh4 Kh6 {White resigns} 0-1

[Event "Team 45 45 League T56"]
[Site "Internet Chess Club"]
[Date "2013.03.12"]
[Round "3"]
[White "SlimeDog2"]
[Black "xwang1"]
[Result "1-0"]
[WhiteElo "2117"]
[BlackElo "2038"]
[Opening "King's Indian: fianchetto, Panno variation"]
[ECO "E63"]
[Time "22:14:33"]
[TimeControl "2700+45"]

1. d4 Nf6 2. c4 g6 3. Nf3 Bg7 4. g3 d6 5. Bg2 O-O 6. Nc3 Nc6 7. O-O a6 8. Qd3 e5
9. dxe5 dxe5 10. Qxd8 Rxd8 11. Bg5 Re8 12. Nd5 Nxd5 13. cxd5 Nb4 14. e4 c6 15.
a3 h6 16. Bd2 Nd3 17. dxc6 bxc6 18. Bc3 Nc5 19. Rfe1 Nb3 20. Rad1 c5 21. Rd6 Nd4
22. Rd5 Bg4 23. Re3 Rac8 24. h3 Be6 25. Rd6 Bc4 26. Bf1 Bb5 27. Bxb5 axb5 28.
Rd5 Red8 29. Kg2 Rxd5 30. exd5 f6 31. Ba5 Kf7 32. Bb6 Bf8 33. Rc3 Nxf3 34. Kxf3
f5 35. Ke3 c4 36. f4 Rd8 37. Bxd8 Bc5+ 38. Ke2 {Black resigns} 1-0

[Event "Team 45 45 League T56"]
[Site "Internet Chess Club"]
[Date "2013.03.10"]
[Round "3"]
[White "primerpaso"]
[Black "sonoftill"]
[Result "1/2-1/2"]
[WhiteElo "1913"]
[BlackElo "2041"]
[Opening "English opening"]
[ECO "A21"]
[Time "16:30:09"]
[TimeControl "2700+45"]

1. c4 e5 2. Nc3 d6 3. g3 f5 4. Bg2 Nf6 5. e3 c6 6. Nge2 Be7 7. O-O O-O 8. d4 Na6
9. b3 e4 10. d5 c5 11. f3 exf3 12. Bxf3 Nc7 13. Bg2 Qe8 14. Qc2 Ng4 15. e4 Qh5
16. h3 Ne5 17. Nf4 Qf7 18. Nd3 Nxd3 19. Qxd3 Qg6 20. Bf4 Bf6 21. Rae1 Bd7 22. e5
dxe5 23. Bxe5 Bxe5 24. Rxe5 Qd6 25. Rfe1 Rae8 26. Rxe8 Rxe8 27. Rxe8+ Nxe8 {Game
drawn by mutual agreement} 1/2-1/2

[Event "Team 45 45 League T56"]
[Site "Internet Chess Club"]
[Date "2013.03.09"]
[Round "3"]
[White "bgolev"]
[Black "CaoCao"]
[Result "1/2-1/2"]
[WhiteElo "1804"]
[BlackElo "1869"]
[Opening "Benoni defense"]
[ECO "A56"]
[Time "22:03:29"]
[TimeControl "2700+45"]

1. d4 Nf6 2. c4 c5 3. e3 g6 4. Nc3 Bg7 5. Nf3 O-O 6. Be2 cxd4 7. exd4 d5 8. O-O
Nc6 9. h3 h6 10. Be3 Be6 11. Ne5 dxc4 12. Nxc6 bxc6 13. Qa4 Nd5 14. Rfd1 Qc7 15.
Ne4 Nxe3 16. fxe3 Bd5 17. Qc2 f5 18. Bxc4 e6 19. Bxd5 exd5 20. Nc5 Qe7 21. Qf2
h5 22. Rd3 Rae8 23. Re1 Bxd4 24. Rxd4 Qxc5 25. Qg3 Re6 26. Rf1 Kh7 27. Rd3 Rfe8
28. Rc3 Qd6 29. Qxd6 Rxd6 30. Rfc1 Rc8 31. Ra3 Rd7 32. Rc5 Kg7 33. Ra6 Rdc7 34.
Rca5 Kf7 35. Rxa7 Ke6 36. b4 Ke5 37. Kf2 f4 38. Rxc7 Rxc7 39. a3 g5 40. exf4+
Kxf4 41. g3+ Ke4 42. Ke2 Kd4 43. Rc5 g4 44. hxg4 hxg4 45. Rc1 Re7+ 46. Kf2 Rf7+
47. Kg2 Rf3 48. Rxc6 Rxa3 49. Rg6 Ra2+ 50. Kf1 Ke3 51. Rxg4 d4 52. Rg8 Kf3 53.
Ke1 Rb2 54. g4 Rxb4 55. Kd2 {Game drawn by mutual agreement} 1/2-1/2

[Event "Team 45 45 League T56"]
[Site "Internet Chess Club"]
[Date "2013.03.07"]
[Round "3"]
[White "QuieroAprender"]
[Black "Portola"]
[Result "1/2-1/2"]
[WhiteElo "1630"]
[BlackElo "1858"]
[Opening "French defense, Steiner variation"]
[ECO "C00"]
[Time "19:00:55"]
[TimeControl "2700+45"]

1. e4 e6 2. c4 d5 3. cxd5 exd5 4. Bb5+ c6 5. Bf1 dxe4 6. Nc3 Nf6 7. Bc4 Be7 8.
h3 O-O 9. Nge2 Nbd7 10. Ng3 Ne5 11. Be2 Nd3+ 12. Bxd3 exd3 13. O-O Bd6 14. b3
Re8 15. Bb2 Bd7 16. Qf3 Qc7 17. Qxd3 Rad8 18. Nce4 Nxe4 19. Nxe4 Be5 20. Bxe5
Qxe5 21. Nc3 Bf5 22. Qe3 Qb8 23. Qg5 Bg6 24. Rfe1 f6 25. Rxe8+ Rxe8 26. Qh4
{Game drawn by mutual agreement} 1/2-1/2

[Event "Team 45 45 League T56"]
[Site "Internet Chess Club"]
[Date "2013.03.10"]
[Round "3"]
[White "kyoroogi"]
[Black "HardWork"]
[Result "1-0"]
[WhiteElo "2026"]
[BlackElo "1991"]
[Opening "Ruy Lopez: closed, Pilnik variation"]
[ECO "C90"]
[Time "23:02:18"]
[TimeControl "2700+45"]

1. e4 e5 2. Nf3 Nc6 3. Bb5 a6 4. Ba4 Nf6 5. O-O Be7 6. Re1 b5 7. Bb3 d6 8. c3
O-O 9. d3 Be6 10. Bc2 Qd7 11. Nbd2 d5 12. exd5 Qxd5 13. Qe2 Nd7 14. Ne4 Nb6 15.
Neg5 Bg4 16. Bb3 Qd7 17. Nxe5 Nxe5 18. Qxe5 Bf6 19. Qg3 c5 20. Ne4 Be7 21. Be3
Rac8 22. h3 Bh5 23. Bxc5 Rxc5 24. Nxc5 Bxc5 25. Qe5 Bxf2+ 26. Kxf2 Bg6 27. Rad1
h5 28. Re3 Rc8 29. Rde1 Kh7 30. Qe7 Qxe7 31. Rxe7 Bxd3 32. Bxf7 Nc4 33. Bxc4
Bxc4 34. b3 Bg8 35. R1e3 Kh6 36. Re8 {Black resigns} 1-0

[Event "Team 45 45 League T56"]
[Site "Internet Chess Club"]
[Date "2013.03.12"]
[Round "3"]
[White "Chess-Dream"]
[Black "alexping"]
[Result "1-0"]
[WhiteElo "2182"]
[BlackElo "1919"]
[Opening "English opening"]
[ECO "A16"]
[Time "11:30:34"]
[TimeControl "2700+45"]

1. c4 Nf6 2. Nc3 b6 3. d4 g6 4. e4 d6 5. f4 Bg7 6. Nf3 Bb7 7. Bd3 c5 8. d5 Nbd7
9. O-O a6 10. e5 dxe5 11. fxe5 Ng4 12. e6 fxe6 13. Ng5 Bd4+ 14. Kh1 Ndf6 15.
Nxe6 Qd7 16. Qe2 b5 17. Bf4 Rc8 18. h3 bxc4 19. Bxc4 h5 20. Qd3 Kf7 21. d6 Qxe6
22. Bxe6+ Kxe6 23. Rae1+ Ne5 24. Bxe5 Bxe5 25. Rxe5+ Kxe5 26. Re1+ Kf4 27. Qe3+
{Black resigns} 1-0

[Event "Team 45 45 League T56"]
[Site "Internet Chess Club"]
[Date "2013.03.10"]
[Round "3"]
[White "bobhill"]
[Black "PhoebeXYZ"]
[Result "0-1"]
[WhiteElo "1891"]
[BlackElo "2078"]
[Opening "Queen's pawn: Torre attack"]
[ECO "A40"]
[Time "14:00:12"]
[TimeControl "2700+45"]

1. d4 e6 2. Nf3 Nf6 3. Bg5 h6 4. Bh4 c5 5. e3 Qb6 6. Nbd2 Qxb2 7. Bxf6 gxf6 8.
Bd3 cxd4 9. exd4 Nc6 10. Rb1 Qxa2 11. O-O Qd5 12. Ne4 Be7 13. c4 Qh5 14. Ng3 Qa5
15. Re1 Qc7 16. d5 Ne5 17. Nxe5 fxe5 18. Qg4 Kf8 19. Ne4 d6 20. Qh5 a5 21. Re3
exd5 22. cxd5 a4 23. Rf3 f5 24. Ng3 f4 25. Nf5 Bd8 26. Nxh6 Qg7 27. Rxb7 Qxb7
28. Qg6 Qxd5 29. Nf5 Bxf5 30. Qxf5+ Qf7 31. Qe4 Rc8 32. Qxa4 Rc1+ 33. Bf1 Qd5
34. Qd7 Rxf1+ {White resigns} 0-1

[Event "Team 45 45 League T56"]
[Site "Internet Chess Club"]
[Date "2013.03.10"]
[Round "3"]
[White "justice02"]
[Black "misuc56"]
[Result "1/2-1/2"]
[WhiteElo "1731"]
[BlackElo "1839"]
[Opening "Sicilian defense"]
[ECO "B32"]
[Time "16:00:13"]
[TimeControl "2700+45"]

1. e4 c5 2. Nf3 Nc6 3. d4 cxd4 4. Nxd4 d6 5. Bc4 g6 6. Nc3 Bg7 7. Nce2 Bd7 8. c3
a6 9. O-O Rb8 10. Kh1 Nf6 11. Bd3 Ne5 12. Bc2 b5 13. a3 h5 14. Bg5 Qc8 15. Nf4
Nh7 16. Bh4 g5 17. Nxh5 Bf8 18. Bxg5 Nxg5 19. Nf5 Bxf5 20. exf5 Nh7 21. Re1 Kd7
22. Rxe5 Nf6 23. Nxf6+ exf6 24. Re3 Qc4 25. Bb3 Qf4 26. Qg1 Rh7 27. Rc1 Bh6 28.
Bc2 Rbh8 29. Rce1 Bf8 30. h3 d5 31. b4 Bd6 32. a4 Be5 33. axb5 axb5 34. Ra1 Rc8
35. Ra7+ Rc7 36. Rf3 Qd2 37. Rxc7+ Kxc7 38. Qd1 Qxd1+ 39. Bxd1 Rh4 40. g4 Rh8
41. Rd3 Ra8 42. Rxd5 Ra1 43. Kg2 Rc1 44. Be2 Rxc3 45. Bxb5 Rb3 46. Be8 Rxb4 47.
Bxf7 Bf4 48. Rc5+ Kd6 49. Rc4 Rxc4 50. Bxc4 Ke5 51. Kf3 Bg5 52. Ke2 Kf4 53. Bd5
Bh4 54. Bg2 Bg5 55. Kd3 Bh4 56. Be4 Bxf2 57. Bg2 Bh4 58. Kd4 Kg3 59. Bf1 {Game
drawn by mutual agreement} 1/2-1/2

[Event "Team 45 45 League T56"]
[Site "Internet Chess Club"]
[Date "2013.03.09"]
[Round "3"]
[White "rom1"]
[Black "RD1974"]
[Result "0-1"]
[WhiteElo "1500"]
[BlackElo "1674"]
[Opening "Dutch defense, Rubinstein variation"]
[ECO "A40"]
[Time "10:04:05"]
[TimeControl "2700+45"]

1. d4 e6 2. c4 f5 3. Nc3 Nf6 4. Nf3 c6 5. Bg5 Be7 6. e3 O-O 7. Bd3 d5 8. O-O
Nbd7 9. a3 a5 10. Qc2 h6 11. Bh4 g5 12. Bg3 Ne4 13. Be5 g4 14. Nd2 Nxe5 15. dxe5
Nxd2 16. Rfd1 Ne4 17. Nxe4 fxe4 18. Bxe4 Rf7 19. Bg6 Rg7 20. Rd4 Qc7 21. Rxg4
Qxe5 22. c5 Bd7 23. Rd1 Be8 24. Rdd4 Bg5 25. Bxe8 Rxe8 26. Qe2 Qf5 27. f4 Bf6
28. Rxg7+ Bxg7 29. g4 Qg6 30. Rd1 Qf6 31. Rd2 Kh8 32. Qf2 a4 33. h4 Qe7 34. g5
Qxc5 35. Qf3 Rf8 36. Qh5 Qc1+ 37. Rd1 Qxe3+ 38. Kg2 Qxf4 39. Re1 Qf2+ {White
resigns} 0-1

[Event "Team 45 45 League T56"]
[Site "Internet Chess Club"]
[Date "2013.03.09"]
[Round "3"]
[White "speederz"]
[Black "Tjet"]
[Result "1/2-1/2"]
[WhiteElo "1452"]
[BlackElo "1479"]
[Opening "Old Indian defense"]
[ECO "A42"]
[Time "20:00:43"]
[TimeControl "2700+45"]

1. d4 d6 2. c4 e5 3. dxe5 dxe5 4. Qxd8+ Kxd8 5. Nf3 f6 6. Nc3 c6 7. e3 Be6 8.
Be2 Kc7 9. O-O Nd7 10. Rd1 Nb6 11. b3 Nh6 12. e4 Nf7 13. Be3 Be7 14. Bxb6+ axb6
15. Rd2 Bb4 16. Rc2 Bxc3 17. Rxc3 Rhd8 18. Rd3 Bg4 19. Rxd8 Rxd8 20. h3 Bxf3 21.
Bxf3 Rd2 22. Bg4 g6 23. Rd1 {Game drawn by mutual agreement} 1/2-1/2